 Dungeon Crawl Stone Soup version 0.22.1-1-ga44c0e5 (webtiles) character file.

2755 brandon the Thaumaturge (level 9, -1/48 HPs)
             Began as a Deep Elf Fire Elementalist on Oct 10, 2018.
             Was a Believer of Vehumet.
             Slain by a two-headed ogre
             ... wielding a +0 giant club
              (13 damage)
             ... on level 8 of the Dungeon.
             The game lasted 00:20:07 (7417 turns).

brandon the Thaumaturge (DEFE)                      Turns: 7417, Time: 00:20:08

Health: -1/48      AC:  6    Str:  5    XL:     9   Next: 41%
Magic:  12/24      EV:  7    Int: 24    God:    Vehumet [**....]
Gold:   239        SH:  0    Dex: 15    Spells: 10/26 levels left

rFire    + . .     SeeInvis .   s - +2 dagger (speed)
rCold    . . .     Gourm    .   a - +0 buckler
rNeg     . . .     Faith    .   r - +2 robe {Archmagi}
rPois    .         Spirit   .   (no helmet)
rElec    .         Reflect  .   (no cloak)
rCorr    .         Harm     .   o - +0 pair of gloves
MR       .....                  m - +0 pair of boots
Stlth    ++........             (no amulet)
HPRegen  0.16/turn              (no ring)
MPRegen  0.19/turn              e - ring of protection from fire

@: about to teleport, held
A: no striking features
a: Renounce Religion


You were on level 8 of the Dungeon.
You worshipped Vehumet.
Vehumet was pleased with you.
You were not hungry.

You visited 1 branch of the dungeon, and saw 8 of its levels.
You also visited: Ossuary.

You collected 278 gold pieces.
You spent 39 gold pieces at shops.

Inventory:

Hand Weapons
 q - a +0 scythe
 s - a +2 dagger of speed (weapon)
Armour
 a - a +0 buckler (worn)
 m - a +0 pair of boots (worn)
 o - a +0 pair of gloves (worn)
 r - a +2 robe of the Archmagi (worn)
Jewellery
 e - a ring of protection from fire (right hand)
Wands
 l - a wand of polymorph (14)
 p - a wand of flame (22)
Scrolls
 b - 3 scrolls of enchant weapon
 d - 5 scrolls of teleportation
 f - a scroll of fear
 k - 6 scrolls of remove curse
 n - 4 scrolls of amnesia
 t - 2 scrolls of identify
 y - 3 scrolls of immolation {unknown}
Potions
 g - 2 potions of heal wounds
 h - 4 potions of curing
 i - 2 potions of haste
 j - a potion of agility
 u - 3 potions of ambrosia {unknown}
 v - 2 potions of might {unknown}
 w - a potion of mutation {unknown}
 x - a potion of flight {unknown}
 z - 7 potions of degeneration {unknown}
 A - a potion of resistance {unknown}
Comestibles
 c - 14 rations
 B - 4 chunks of flesh


   Skills:
 + Level 1.6 Fighting
 - Level 2.4 Dodging
 - Level 2.4 Stealth
 - Level 4.1 Shields
 * Level 9.1 Spellcasting
 + Level 8.0 Conjurations
 + Level 7.5 Fire Magic


You had 10 spell levels left.
You knew the following spells:

 Your Spells              Type           Power        Failure   Level  Hunger
a - Flame Tongue          Conj/Fire      #####        1%          1    None
b - Throw Flame           Conj/Fire      ######       1%          2    None
c - Conjure Flame         Conj/Fire      ######..     1%          3    None
d - Sticky Flame          Conj/Fire      ######..     2%          4    ##.....
e - Fireball              Conj/Fire      ######....   6%          5    ####...
f - Shock                 Conj/Air       ####         1%          1    None

Your spell library contained the following spells:

 Spells                   Type           Power        Failure   Level  Hunger
 Mephitic Cloud           Conj/Pois/Air  #####...     6%          3    None
 Inner Flame              Hex/Fire       #####...     3%          3    None


Dungeon Overview and Level Annotations

Branches:
Dungeon (8/15)             Temple (0/1) D:7
   Lair: D:8-11

Altars:
Ashenzari
Dithmenos
Elyvilon
Fedhas
Gozag
Okawaru
Qazlal
Trog
Vehumet
Zin
The Shining One

Shops:
D:4 !

Annotations:
D:8 Harold


Message History

You feel much better.
The phantom blinks!
The two-headed ogre barely misses you.
The two-headed ogre hits you with a giant club!
* * * LOW HITPOINT WARNING * * *
As you read the scroll of teleportation, it crumbles to dust.
You feel strangely unstable.
Casting: Flame Tongue (safe; 1% risk of failure)
Confirm with . or Enter, or press ? or * to list all spells.
Aiming: Flame Tongue (safe; 1% risk of failure)
Press: ? - help, Shift-Dir - straight line, f - two-headed ogre
Aim: a two-headed ogre, wielding two giant clubs (lightly wounded)
Okay, then.
You feel much better.
The two-headed ogre hits you with a giant club!
The two-headed ogre hits you but does no damage.
You struggle against the net.
The two-headed ogre hits you with a giant club!!
* * * LOW HITPOINT WARNING * * *
The two-headed ogre hits you with a giant club!
You die...

.........# .........#
.........# ########
........##
#############......#
#.......#
###..................#
##..###.##
#...###########......#
##.# #..###.###
##..8..#... #.#
##...#.####### #.........[
#.#
###......@O@####.8...8>...
.#
###.#####..).l..........
#.# #######..8...... #.#
##รท....... #<# #.##.....
#.# #.##..... #.#
#.###.... #.# #># ##...
... ..# ####


You could see Harold, a two-headed ogre and an iguana.

Vanquished Creatures
  A centaur skeleton (D:7)
  Prince Ribbit (D:7)
  2 hippogriffs
  Sigmund (D:4)
  Eustachio (D:6)
  A hungry ghost (D:7)
  Duvessa (D:5)
  An ogre (D:6)
  A centaur (D:6)
  A big kobold (D:8)
  Blork the orc (D:4)
  2 bullfrogs
  Dowan (D:5)
  A scorpion (D:6)
  2 bullfrog zombies
  3 crimson imps
  A jelly (D:5)
  A centaur zombie (Ossuary)
  4 hounds
  An orc priest (D:5)
  2 bullfrog skeletons
  A human zombie (Ossuary)
  An iguana (D:6)
  2 orc wizards
  4 worker ants
  2 mummies (Ossuary)
  2 worker ant zombies
  6 adders
  4 shadow imps
  2 oozes (D:3)
  An adder zombie (D:8)
  An adder skeleton (D:4)
  A worm (D:3)
  2 dart slugs
  5 leopard geckos
  12 orcs
  8 giant cockroaches
  8 hobgoblins
  9 jackals
  3 quokkas (D:7)
  2 ball pythons
  8 bats
  6 frilled lizards
  A giant cockroach zombie (D:8)
  2 gnoll zombies (Ossuary)
  5 goblins
  2 goblin zombies (Ossuary)
  9 kobolds
  A leopard gecko skeleton (D:6)
  A leopard gecko zombie (D:7)
  2 orc zombies (Ossuary)
  9 rats
152 creatures vanquished.

Notes
Turn   | Place    | Note
-------+----------+-------------------------------------------
     0 | D:1      | brandon the Deep Elf Fire Elementalist began the quest for
                  | the Orb.
     0 | D:1      | Reached XP level 1. HP: 10/10 MP: 6/6
   150 | D:1      | Reached XP level 2. HP: 15/15 MP: 1/8
   596 | D:2      | Found a blossoming altar of Fedhas.
   651 | D:2      | Reached XP level 3. HP: 16/19 MP: 7/10
   712 | D:2      | Learned a level 2 spell: Throw Flame
   716 | D:2      | Learned a level 3 spell: Conjure Flame
   818 | D:2      | Found a shattered altar of Ashenzari.
   819 | D:2      | Found a bloodstained altar of Trog.
   820 | D:2      | Found an opulent altar of Gozag.
   820 | D:2      | Found a stormy altar of Qazlal.
   821 | D:2      | Found a radiant altar of Vehumet.
   821 | D:2      | Found an iron altar of Okawaru.
   822 | D:2      | Found a shadowy altar of Dithmenos.
   830 | D:2      | Became a worshipper of Vehumet
  1455 | D:3      | Reached XP level 4. HP: 24/24 MP: 6/11
  1460 | D:3      | Reached skill level 4 in Spellcasting
  1618 | D:3      | Learned a level 4 spell: Sticky Flame
  2215 | D:3      | Reached XP level 5. HP: 28/28 MP: 8/13
  2316 | D:3      | Reached * piety under Vehumet
  2316 | D:3      | Offered knowledge of Shock by Vehumet.
  2688 | D:4      | Noticed Sigmund
  2695 | D:4      | Killed Sigmund
  2695 | D:4      | Reached skill level 5 in Spellcasting
  2695 | D:4      | Reached XP level 6. HP: 20/32 MP: 1/15
  2814 | D:4      | Noticed Blork the orc
  2829 | D:4      | Killed Blork the orc
  2829 | D:4      | Reached skill level 5 in Conjurations
  3028 | D:4      | Reached skill level 5 in Fire Magic
  3204 | D:4      | Found a glowing silver altar of Zin.
  3204 | D:4      | Found a white marble altar of Elyvilon.
  3204 | D:4      | Found a glowing golden altar of the Shining One.
  3330 | D:4      | Found Neinyso's Distillery.
  3337 | D:4      | Bought a potion of curing for 39 gold pieces
  3350 | D:4      | Learned a level 5 spell: Fireball
  3568 | D:5      | Entered Level 5 of the Dungeon
  4053 | D:5      | Reached XP level 7. HP: 36/36 MP: 12/17
  4378 | D:5      | Noticed Duvessa
  4387 | D:5      | Killed Duvessa
  4387 | D:5      | Reached skill level 1 in Shields
  4387 | D:5      | Reached skill level 6 in Spellcasting
  4393 | D:5      | Noticed Dowan
  4472 | D:5      | Killed Dowan
  4937 | D:6      | Learned a level 1 spell: Shock
  4977 | D:6      | Noticed Eustachio
  5166 | D:6      | Reached XP level 8. HP: 41/41 MP: 12/19
  5367 | D:6      | Killed Eustachio
  5517 | D:6      | Reached skill level 7 in Spellcasting
  6140 | D:7      | Found a staircase to the Ecumenical Temple.
  6219 | D:7      | Reached ** piety under Vehumet
  6232 | D:7      | Offered knowledge of Sting by Vehumet.
  6258 | D:7      | Noticed a hippogriff
  6267 | D:7      | Killed a hippogriff
  6376 | D:7      | Noticed Prince Ribbit
  6388 | D:7      | Killed Prince Ribbit
  6457 | D:7      | Reached skill level 8 in Spellcasting
  6457 | D:7      | Reached XP level 9. HP: 45/45 MP: 15/23
  6881 | D:8      | Reached skill level 1 in Fighting
  7024 | D:8      | Found a sand-covered staircase.
  7043 | Ossuary  | Entered an ossuary
  7387 | D:8      | Offered knowledge of Mephitic Cloud by Vehumet.
  7389 | D:8      | Reached skill level 9 in Spellcasting
  7394 | D:8      | Noticed a two-headed ogre
  7401 | D:8      | Noticed Harold
  7417 | D:8      | Slain by a two-headed ogre

Skill      XL: |  1  2  3  4  5  6  7  8  9 |
---------------+----------------------------+-----
Conjurations   | 2 3 4 5 6 7 8 |  8.0
Fire Magic     | 4 5 7 |  7.5
Spellcasting   | 4 5 6 8 9 |  9.1
Shields        | 2 4 |  4.1
Fighting       | 1 |  1.6
Dodging        | |  2.4
Stealth        | |  2.4

Action                   |  1- 3 |  4- 6 |  7- 9 || total
-------------------------+-------+-------+-------++-------
Melee: Unarmed           |     1 |     1 |       ||     2
       Scythe            |       |    11 |    50 ||    61
       Dagger            |       |       |    49 ||    49
 Cast: Flame Tongue      |    63 |    96 |   108 ||   267
       Throw Flame       |     2 |     3 |     2 ||     7
       Sticky Flame      |       |     4 |    19 ||    23
       Conjure Flame     |       |     5 |    12 ||    17
       Fireball          |       |       |    13 ||    13
       Shock             |       |       |    20 ||    20
  Use: Potion            |     2 |       |     2 ||     4
       Scroll            |       |     7 |     3 ||    10
 Stab: Sleeping          |       |       |     1 ||     1
  Eat: Chunk             |       |     9 |    10 ||    19
       Ration            |       |       |     2 ||     2
Armor: Robe              |     3 |     5 |    56 ||    64
Dodge: Dodged            |    18 |    16 |    97 ||   131
Block: Buckler           |       |       |    11 ||    11
